Map: Dusty Gorge

Players

PureLegacy - Winner!

  • Race: Terran Terran
  • Spawn Location: 5:00

Deckard - Winner!

  • Race: Terran Terran
  • League: Diamond
  • Spawn Location: 3:00

JungleJim

  • Race: Zerg Zerg
  • League: Diamond
  • Spawn Location: 11:00

BALLZOFSTEEL

  • Race: Zerg Zerg
  • Spawn Location: 9:00

VOD

Have the link to the VOD?

Description

Time

  • Played on: Nov. 25, 2018, 1:02 p.m.
  • Length: 13:39
Show
View Real Time Build Order
Export as new Build Order

PureLegacy Terran - Winner!

Build Orders:  

Get SALT Encoding   

  12  0:02  SCV  
  13  0:14  SCV  
  13  0:19  Supply Depot  
  14  0:26  SCV  
  15  0:30  Refinery  
  15  0:41  SCV  
  16  0:46  Barracks  
  16  0:53  SCV  
  17  1:04  Barracks  
  17  1:18  Barracks  
  17  1:23  SCV  
  18  1:33  Reaper  
  19  1:42  Orbital Command  
  19  1:50  Refinery  
  19  1:53  Reaper  
  20  2:01  Supply Depot  
  20  2:05  Reaper  
  21  2:11  Reaper  
  22  2:22  SCV  
  23  2:25  Reaper  
  23  2:28  Supply Depot  
  24  2:38  Reaper  
  24  2:39  SCV  
  24  2:43  Reaper  
  27  2:51  SCV  
  27  2:58  Reaper  
  29  3:04  SCV  
  30  3:11  Reaper  
  31  3:20  Command Center  
  31  3:21  Reaper  
  31  3:22  SCV  
  33  3:35  Reaper  
  33  3:38  SCV  
  33  3:41  Engineering Bay  
  35  3:49  Reaper  
  36  3:57  Reaper  
  37  4:05  SCV  
  37  4:06  Barracks  
  37  4:07  Barracks  
  37  4:09  Terran Infantry Weapons Level 1  
  38  4:11  Reaper  
  39  4:18  Supply Depot  
  39  4:32  Reaper  
  40  4:39  Reaper  
  40  4:40  Orbital Command  
  40  4:43  Refinery x2  
  40  4:44  SCV  
  41  4:46  Reaper  
  42  4:54  Reaper  
  42  4:56  SCV  
  44  5:07  Reaper  
  44  5:13  Reaper x2  
  47  5:14  SCV  
  47  5:18  Supply Depot, Reaper  
  47  5:20  SCV  
  50  5:27  SCV  
  50  5:30  Reaper  
  50  5:33  SCV  
  52  5:39  Reaper  
  52  5:47  Reaper  
  52  5:48  Reaper  
  54  5:54  Barracks  
  54  5:55  Barracks  
  54  5:59  Reaper  
  54  6:00  SCV x2  
  57  6:05  Terran Infantry Armor Level 1  
  57  6:15  Reaper x2  
  56  6:19  Reaper  
  56  6:20  Reaper  
  58  6:32  Reaper  
  56  6:38  SCV  
  56  6:39  SCV  
  57  6:42  Supply Depot  
  57  6:45  Reaper  
  58  6:47  Reaper x2  
  58  6:51  Reaper  
  58  6:52  Reaper  
  61  7:02  SCV x2  
  61  7:04  Reaper  
  61  7:07  Supply Depot  
  63  7:14  SCV  
  61  7:16  Reaper  
  61  7:17  Reaper  
  61  7:19  Reaper  
  62  7:25  Reaper  
  62  7:28  Reaper  
  63  7:34  Reaper  
  63  7:36  Reaper  
  64  7:48  Reaper  
  64  7:49  Reaper  
  64  7:57  Barracks Tech Lab  
  59  7:59  Missile Turret  
  59  8:00  SCV x2  
  59  8:01  Missile Turret  
  59  8:02  Factory  
  59  8:14  Marine x4  
  59  8:18  Marine, Stimpack  
  59  8:19  SCV  
  66  8:20  Marine, SCV  
  66  8:23  Engineering Bay  
  66  8:26  Command Center  
  67  8:27  Marine  
  67  8:32  SCV x2  
  70  8:35  Marine  
  70  8:36  Marine  
  69  8:49  Marine x3  
  69  8:50  Marine x2  
  69  8:53  SCV x2  
  69  8:55  Factory Reactor, Starport  
  75  8:59  Armory  
  75  9:00  Supply Depot  
  75  9:05  SCV x2  
  75  9:07  Supply Depot, Marine x3  
  75  9:08  Marine  
  81  9:14  Marine x3  
  84  9:19  Supply Depot  
  84  9:21  Missile Turret  
  84  9:30  Marine x4  
  88  9:32  Marine x2  
  88  9:47  Marine x2  
  88  9:48  Marine x2  
  90  10:00  Medivac x2, Barracks Reactor  
  90  10:01  Barracks Reactor x2  
  90  10:04  Terran Infantry Weapons Level 2, Terran Infantry Armor Level 2  
  94  10:14  SCV x2  
  96  10:19  Barracks Reactor x2  
  96  10:20  Barracks Tech Lab  
  95  10:27  Missile Turret, SCV x2  
  97  10:29  Missile Turret  
  97  10:31  Medivac x2  
  97  10:33  Combat Shield  
  101  10:37  Orbital Command  
  101  10:43  Concussive Shells  
  101  10:45  Barracks Tech Lab  
  101  10:48  SCV x2  
  101  10:49  Supply Depot  
  103  10:51  Supply Depot  
  103  10:53  Missile Turret  
  103  10:54  Missile Turret  
  103  10:59  Missile Turret  
  103  11:01  Medivac x2  
  107  11:10  Marine  
  107  11:11  Sensor Tower, Marine x7  
  112  11:13  Marauder  
  112  11:16  Supply Depot  
  117  11:23  Marauder  
  117  11:24  Marauder  
  121  11:29  Supply Depot  
  121  11:31  Medivac x2  
  125  11:35  Marine x2  
  125  11:36  Marine x2  
  117  11:52  Marine x5  
  117  11:53  Marauder x2  
  109  11:58  Marine x3  
  109  11:59  Marine  
  112  12:01  Medivac x2  
  112  12:06  Supply Depot  
  116  12:09  Barracks  
  116  12:11  Marine x5  
  121  12:18  Marine x3, Marauder x2  
  121  12:19  Marine  
  129  12:39  Marine x2  
  129  12:40  Marine x4, Marauder x2  
  129  12:47  Marine  
  130  12:58  Barracks Tech Lab, Command Center  
  130  12:59  Marine x6  
  130  13:05  Medivac x2  
  140  13:08  Supply Depot, Marauder x2  
  140  13:11  Marine x2  
  146  13:13  SCV x2  
  146  13:14  SCV  
Show
View Real Time Build Order
Export as new Build Order

Deckard Terran - Winner!

Build Orders: Reaper Expand, Mech 

Get SALT Encoding   

  12  0:01  SCV  
  13  0:13  SCV  
  14  0:18  Supply Depot  
  14  0:25  SCV  
  15  0:40  SCV  
  15  0:42  Barracks  
  16  0:49  Refinery  
  16  0:52  SCV  
  17  1:04  SCV  
  18  1:16  SCV  
  19  1:30  Orbital Command  
  19  1:35  Reaper  
  20  1:44  Command Center  
  20  1:53  Supply Depot  
  20  1:58  SCV  
  21  2:03  Refinery  
  21  2:27  SCV  
  22  2:33  Barracks Tech Lab  
  22  2:36  Factory  
  22  2:41  SCV  
  23  2:53  SCV  
  23  2:58  Factory  
  24  3:03  Orbital Command  
  24  3:08  SCV  
  24  3:10  Supply Depot  
  25  3:28  Infernal Pre-Igniter, Hellion  
  25  3:31  SCV  
  25  3:32  SCV  
  29  3:37  Barracks Reactor  
  29  3:42  Hellion  
  29  3:43  SCV  
  29  3:44  SCV  
  33  3:50  Hellion  
  35  3:56  SCV  
  35  3:57  SCV  
  37  4:03  Supply Depot  
  37  4:09  SCV x2  
  39  4:12  Siege Tank  
  42  4:29  Hellion  
  42  4:30  Hellion  
  46  4:31  Starport  
  46  4:36  SCV x2  
  48  4:41  Refinery  
  48  4:43  Refinery  
  48  4:44  Supply Depot  
  48  4:48  SCV  
  48  4:49  Armory, SCV  
  48  4:51  Hellion x2  
  54  5:02  Hellion  
  56  5:12  Hellion  
  56  5:21  Hellion  
  58  5:23  Hellion  
  60  5:33  Siege Tank  
  63  5:38  Starport Reactor  
  63  5:40  Barracks Reactor, SCV x2  
  65  5:52  Hellion x2  
  67  6:05  Siege Tank  
  68  6:18  Liberator  
  64  6:22  Hellion x2  
  62  6:37  Siege Tank  
  68  6:40  SCV x2  
  70  7:05  SCV x2  
  70  7:06  Hellion, Command Center  
  70  7:07  Hellion  
  68  7:17  Siege Tank  
  67  7:31  Factory  
  67  7:36  Factory  
  68  7:55  Supply Depot, Siege Tank  
  71  8:10  Viking x2  
  69  8:27  Cyclone  
  69  8:30  Factory Tech Lab x2  
  69  8:37  Starport  
  69  8:38  Orbital Command  
  69  8:40  Viking x2  
  67  8:55  Thor  
  69  8:59  Cyclone  
  69  9:01  Supply Depot, Engineering Bay  
  58  9:10  Viking x2  
  55  9:24  Thor  
  47  9:31  Siege Tank  
  39  9:40  Viking x2  
  39  9:44  SCV x3  
  38  9:53  Siege Tank  
  38  9:54  Hellion x2  
  38  9:56  SCV  
  38  9:57  SCV x2  
  43  10:08  SCV  
  43  10:09  SCV x2  
  43  10:13  Viking  
  48  10:15  Hellion x2  
  48  10:17  Missile Turret  
  48  10:20  SCV  
  48  10:21  SCV x2  
  55  10:32  SCV  
  55  10:33  SCV x2  
  59  10:50  SCV x3  
  61  11:02  SCV x3  
  56  11:14  SCV x3  
  56  11:17  Refinery  
  59  11:19  Refinery, Missile Turret  
  59  11:26  SCV x3  
  62  11:34  Siege Tank  
  62  11:36  Hellion  
  62  11:37  Hellion  
  62  11:38  Hellion x2, SCV x2  
  62  11:39  SCV  
  76  11:41  Missile Turret  
  76  11:50  SCV x2  
  76  11:51  SCV  
  79  12:01  Missile Turret  
  79  12:02  SCV x2  
  79  12:03  SCV  
  82  12:13  Armory  
  82  12:14  SCV x2  
  82  12:15  SCV  
  85  12:26  SCV x2  
  85  12:27  SCV  
  85  12:28  Siege Tank x2  
  85  12:29  Siege Tank  
  97  12:38  SCV  
  97  12:39  SCV x2  
  97  12:43  Missile Turret  
  100  12:50  SCV  
  107  13:06  Sensor Tower  
  107  13:12  SCV x3  
  110  13:13  Starport  
  120  13:38  Supply Depot  
Show
View Real Time Build Order
Export as new Build Order

JungleJim Zerg 

Build Orders: Pool First 

Get SALT Encoding   

  12  0:01  Drone  
  13  0:12  Overlord  
  13  0:18  Drone  
  14  0:28  Drone, Extractor  
  14  0:35  Drone x2  
  16  0:50  Spawning Pool  
  16  0:53  Drone  
  16  0:59  Drone  
  17  1:09  Overlord  
  17  1:37  Queen  
  17  1:38  Metabolic Boost  
  19  1:40  Zergling x6  
  22  1:57  Hatchery  
  22  2:08  Drone x2  
  22  2:13  Queen  
  25  2:21  Drone  
  26  2:33  Overlord  
  26  2:42  Drone  
  27  2:49  Drone x3  
  30  2:53  Queen  
  32  2:59  Roach Warren  
  32  3:01  Zergling x2  
  31  3:09  Zergling x2  
  31  3:14  Zergling x4  
  33  3:25  Overlord  
  33  3:28  Spine Crawler  
  33  3:31  Spine Crawler  
  29  3:36  Drone x2  
  29  3:39  Drone  
  29  3:50  Roach x2  
  29  3:54  Roach  
  35  4:01  Queen  
  37  4:12  Roach x2  
  37  4:15  Overlord  
  41  4:19  Drone x2  
  39  4:35  Roach  
  39  4:36  Roach x2  
  45  4:45  Drone x2  
  47  4:46  Drone x2  
  47  4:47  Overlord  
  49  4:55  Roach x2  
  51  5:07  Roach x3  
  51  5:13  Overlord  
  57  5:26  Drone x4  
  61  5:33  Lair  
  61  5:46  Drone x2  
  61  5:49  Overlord  
  63  5:52  Roach x3  
  69  5:57  Extractor  
  69  5:58  Extractor  
  67  6:07  Hatchery  
  67  6:11  Roach x3  
  66  6:31  Roach  
  66  6:32  Roach  
  70  6:39  Roach, Zergling x2  
  76  6:40  Zergling x14  
  68  7:03  Roach x2, Zergling x4  
  64  7:14  Roach x2, Zergling x6  
  67  7:22  Zergling x2  
  56  7:25  Zergling x2  
  56  7:29  Queen  
  51  7:36  Queen x2  
  49  7:38  Roach, Zergling x2  
  50  7:46  Zergling x2  
  50  7:47  Roach  
  52  7:55  Zergling x2  
  47  8:00  Roach, Zergling x4  
  47  8:01  Roach x2, Zergling x4  
  47  8:05  Zergling x2  
  52  8:13  Roach  
  52  8:14  Extractor  
  52  8:15  Glial Reconstitution  
  52  8:18  Roach  
  54  8:20  Evolution Chamber  
  54  8:21  Evolution Chamber  
  52  8:31  Hydralisk Den  
  52  8:32  Drone x5  
  45  8:52  Roach x2, Zergling x6  
  45  8:53  Roach  
  46  9:09  Zerg Missile Weapons Level 1, Zerg Ground Armor Level 1  
  46  9:11  Grooved Spines  
  46  9:14  Roach  
  48  9:21  Roach  
  48  9:22  Roach x2  
  52  9:31  Roach  
  52  9:32  Roach x2  
  62  9:38  Roach x2  
  59  9:55  Drone x2  
  61  10:04  Hatchery  
  61  10:07  Drone x4  
  64  10:20  Queen  
  66  10:27  Muscular Augments  
  66  10:28  Hydralisk x3  
  72  10:43  Hydralisk x3  
  72  10:46  Overseer x2  
  78  11:08  Overlord x3  
  78  11:09  Hydralisk x2  
  82  11:19  Hydralisk, Roach x2  
  82  11:23  Overlord  
  88  11:44  Hydralisk x3  
  88  11:45  Roach x3  
  88  12:02  Overlord  
  88  12:03  Drone x4  
  88  12:04  Drone x4  
  96  12:20  Drone x2  
  98  12:30  Spore Crawler  
  98  12:31  Spine Crawler  
  96  12:40  Hydralisk x2, Roach x2  
  96  12:41  Roach  
  106  12:48  Overlord x2  
  106  13:10  Hydralisk  
  106  13:11  Hydralisk x3, Roach x3  
  106  13:12  Roach  
Show
View Real Time Build Order
Export as new Build Order

BALLZOFSTEEL Zerg 

Build Orders: Pool First 

Get SALT Encoding   

  12  0:01  Drone  
  13  0:16  Overlord  
  13  0:18  Drone  
  14  0:38  Drone x2  
  14  0:39  Drone  
  17  0:50  Drone  
  17  0:53  Spawning Pool  
  17  0:55  Extractor  
  16  1:00  Drone  
  17  1:21  Drone  
  18  1:31  Hatchery  
  17  1:38  Drone  
  18  1:40  Queen  
  18  1:41  Zergling x2  
  18  1:46  Drone  
  22  1:57  Metabolic Boost  
  22  2:20  Overlord  
  22  2:21  Zergling x2  
  22  2:23  Spine Crawler  
  22  2:25  Zergling x2  
  22  2:37  Queen  
  22  2:43  Zergling x2  
  22  2:44  Overlord  
  25  2:46  Queen  
  25  2:50  Drone  
  28  2:57  Zergling x2  
  29  3:13  Queen  
  29  3:19  Zergling x6  
  33  3:21  Zergling x2  
  33  3:22  Drone  
  33  3:26  Drone  
  36  3:34  Drone  
  36  3:37  Drone  
  38  3:41  Drone  
  38  3:53  Queen  
  38  3:55  Drone x3  
  41  3:57  Drone  
  41  3:59  Drone  
  42  4:05  Drone  
  42  4:06  Evolution Chamber  
  42  4:09  Drone  
  43  4:15  Overlord  
  43  4:22  Zergling x4  
  43  4:24  Zergling x2  
  41  4:39  Zergling x8  
  41  4:40  Zergling x4  
  41  4:41  Zergling x2  
  41  4:42  Drone, Extractor  
  48  4:47  Extractor  
  48  4:48  Extractor  
  46  4:57  Drone x2  
  48  5:00  Spine Crawler  
  47  5:16  Drone  
  47  5:17  Lair  
  47  5:18  Overlord  
  47  5:21  Drone x3  
  50  5:24  Drone  
  51  5:30  Overlord  
  51  5:32  Drone  
  51  5:33  Overlord  
  52  5:36  Queen  
  54  5:47  Drone  
  54  5:48  Zerg Melee Weapons Level 1  
  53  5:55  Drone x3  
  49  6:07  Zergling x2  
  49  6:21  Spire  
  49  6:23  Drone x3  
  49  6:24  Zergling x4  
  51  6:30  Zergling x2  
  49  6:36  Zergling x4  
  49  6:46  Drone  
  50  6:55  Drone  
  49  7:02  Queen x2  
  49  7:04  Zergling x4  
  52  7:14  Zergling x6  
  55  7:16  Drone x2  
  57  7:25  Zergling x2  
  57  7:26  Zergling x2  
  57  7:30  Zergling x2  
  57  7:33  Zergling x2  
  53  7:37  Queen  
  53  7:41  Mutalisk  
  53  7:42  Mutalisk  
  53  7:53  Mutalisk x4  
  58  8:07  Mutalisk x2  
  53  8:13  Drone x2  
  50  8:22  Mutalisk  
  52  8:27  Mutalisk  
  52  8:33  Zergling x2  
  55  8:35  Mutalisk  
  57  8:43  Mutalisk  
  59  8:50  Hatchery  
  59  8:51  Mutalisk  
  60  8:56  Mutalisk x2  
  64  9:04  Mutalisk  
  64  9:08  Mutalisk  
  68  9:12  Queen x2  
  72  9:19  Mutalisk x2  
  65  9:27  Mutalisk  
  38  9:46  Mutalisk  
  38  9:47  Mutalisk  
  32  10:06  Drone  
  34  10:07  Drone x4  
  34  10:13  Drone  
  40  10:18  Drone  
  40  10:20  Drone  
  42  10:33  Drone  
  43  10:39  Drone  
  43  10:40  Drone x3  
  44  10:42  Drone  
  44  10:43  Drone  
  44  10:44  Drone  
  46  10:52  Drone  
  46  10:55  Drone  
  46  11:11  Zergling x8  
  50  11:16  Zergling x2  
  51  11:21  Zergling x4  
  53  11:27  Zergling x2  
  53  11:36  Zergling x2  
  53  11:37  Zergling x4  
  52  11:40  Zergling x2  
  52  11:45  Zergling x2  
  46  11:51  Zergling x4  
  40  11:59  Drone x2  
  42  12:02  Drone  
  42  12:04  Drone  
  42  12:08  Drone  
  45  12:11  Drone  
  45  12:13  Drone x2  
  45  12:14  Drone x4  
  52  12:25  Drone x2  
  52  12:28  Baneling Nest  
  53  12:30  Drone  
  53  12:31  Drone  
  52  12:43  Zergling x6  
  57  12:47  Zergling x4  
  48  13:00  Drone  
  48  13:03  Drone x2  
  48  13:04  Drone x5  
  56  13:11  Baneling  
  56  13:12  Baneling x4  
  56  13:13  Baneling x3  
  56  13:14  Baneling  
  56  13:18  Drone  
  57  13:20  Drone  
Tags
 
Add a new tag
Caveats
  • Supply blocks, unpowered buildings, or Contaminate may cause inaccurate times.
  • Supply counts are checked every 10 seconds.